Map: [ESL] Tropical Sacrifice

Players

Solar - Winner!

  • Race: Zerg Zerg
  • League: Master
  • Spawn Location: 1:00

HeroMarine

  • Race: Terran Terran
  • Spawn Location: 7:00

Event: TSL 9

VOD

Have the link to the VOD?

Description

Time

  • Played on: Sept. 2, 2022, 1 p.m.
  • Length: 13:34

All games in this series

Show
View Real Time Build Order
Export as new Build Order

Solar Zerg - Winner!

Build Orders: Hatch First 

Get SALT Encoding   

  12  0:00  Drone  
  13  0:12  Overlord  
  13  0:17  Drone  
  14  0:31  Drone x2  
  16  0:49  Hatchery  
  15  0:52  Drone  
  15  0:56  Drone  
  17  1:00  Drone  
  18  1:10  Extractor  
  17  1:16  Spawning Pool  
  16  1:19  Drone  
  16  1:22  Drone  
  18  1:29  Drone  
  19  1:39  Drone  
  20  1:50  Drone  
  21  2:04  Zergling x4, Queen x2  
  27  2:13  Overlord  
  27  2:14  Drone  
  28  2:24  Hatchery  
  28  2:27  Drone  
  28  2:32  Drone x2  
  30  2:40  Queen  
  32  2:46  Metabolic Boost  
  32  2:49  Overlord  
  32  2:52  Drone  
  32  2:55  Drone  
  32  2:58  Drone  
  34  3:00  Drone  
  35  3:09  Drone x2  
  35  3:12  Drone x3  
  40  3:17  Queen  
  42  3:20  Overlord  
  42  3:23  Drone  
  43  3:33  Overlord  
  43  3:35  Queen  
  43  3:38  Queen  
  43  3:40  Drone  
  48  3:45  Drone x4  
  48  3:48  Drone  
  53  3:51  Drone  
  53  3:52  Drone x2  
  53  3:54  Drone  
  57  3:56  Drone x2  
  57  3:59  Overlord  
  57  4:01  Zergling x2  
  60  4:04  Zergling x2  
  61  4:11  Drone  
  61  4:12  Drone x2  
  61  4:15  Overlord  
  64  4:18  Queen  
  64  4:19  Drone x3  
  64  4:22  Queen  
  71  4:26  Overlord  
  71  4:27  Zergling x4  
  73  4:31  Lair  
  73  4:37  Overlord  
  73  4:39  Baneling Nest  
  73  4:42  Spore Crawler, Extractor  
  73  4:43  Drone x2  
  73  4:44  Drone, Extractor  
  72  4:46  Drone x2  
  72  4:48  Drone  
  72  4:50  Spore Crawler  
  72  4:51  Spore Crawler, Drone  
  74  4:53  Drone x2  
  74  4:57  Drone x2  
  78  5:02  Drone x5  
  78  5:03  Drone  
  78  5:05  Drone  
  85  5:11  Drone  
  85  5:12  Evolution Chamber x2  
  84  5:15  Overlord  
  84  5:17  Drone  
  84  5:20  Drone, Extractor  
  85  5:22  Extractor  
  85  5:24  Drone  
  85  5:25  Drone  
  85  5:27  Drone  
  85  5:28  Drone  
  88  5:30  Overseer  
  88  5:32  Zergling x2  
  88  5:33  Overlord  
  89  5:37  Overlord  
  89  5:38  Hatchery  
  89  5:42  Zerg Ground Armor Level 1, Zerg Melee Weapons Level 1  
  88  5:43  Zergling x2  
  88  5:44  Zergling x6  
  88  5:46  Drone x2  
  94  5:51  Centrifugal Hooks  
  94  5:56  Drone x4  
  95  6:00  Overlord  
  95  6:01  Drone  
  95  6:03  Drone  
  97  6:07  Overlord  
  97  6:09  Drone  
  97  6:11  Drone x2  
  97  6:13  Zergling x2  
  97  6:14  Zergling x2  
  101  6:19  Zergling x6  
  101  6:23  Zergling x6  
  107  6:28  Pneumatized Carapace  
  107  6:32  Zergling x4, Drone x2  
  111  6:34  Drone  
  111  6:36  Drone  
  113  6:42  Zergling x2, Hydralisk Den  
  113  6:44  Zergling x2  
  113  6:46  Baneling x9  
  114  6:47  Zergling x2, Baneling x2  
  114  6:51  Zergling x14  
  122  6:56  Zergling x4  
  122  6:59  Overlord  
  123  7:02  Zergling x2  
  123  7:07  Zergling x6  
  127  7:09  Drone  
  127  7:10  Zergling x4  
  127  7:11  Overlord  
  127  7:13  Baneling x7  
  127  7:14  Hatchery  
  128  7:19  Zergling x12, Grooved Spines  
  134  7:24  Zergling x6  
  136  7:33  Zergling x12  
  142  7:37  Baneling x2  
  142  7:38  Queen  
  142  7:40  Zergling x2  
  145  7:44  Zergling x6  
  145  7:46  Zerg Melee Weapons Level 2, Zerg Ground Armor Level 2  
  145  7:49  Zergling x6  
  145  7:50  Overlord x2  
  149  7:57  Zergling x14  
  138  8:01  Zergling x6  
  138  8:03  Extractor  
  138  8:04  Infestation Pit  
  137  8:05  Drone x3  
  137  8:06  Baneling x3, Drone  
  139  8:15  Drone x2  
  139  8:19  Hydralisk x5  
  151  8:23  Zergling x2  
  152  8:28  Zergling x12  
  152  8:34  Zergling x10  
  163  8:39  Zergling x4  
  163  8:40  Muscular Augments  
  163  8:42  Baneling  
  163  8:43  Baneling x3, Overlord x2  
  163  8:45  Hive, Overlord  
  160  8:50  Overlord  
  160  8:54  Hatchery  
  158  8:57  Zergling x6  
  158  9:02  Extractor  
  158  9:04  Lurker Den  
  158  9:05  Drone x6  
  158  9:06  Spore Crawler, Hydralisk x5  
  158  9:08  Drone  
  173  9:12  Baneling x4  
  173  9:13  Drone  
  173  9:15  Zergling x12  
  180  9:19  Zergling x4  
  180  9:21  Zergling x2  
  183  9:26  Zergling x4  
  183  9:31  Zergling x8  
  187  9:37  Hydralisk x2  
  187  9:38  Zergling x6  
  190  9:42  Zergling x4  
  185  9:47  Baneling  
  185  9:48  Baneling x16  
  185  9:49  Zergling x10  
  185  9:53  Zergling x2  
  185  9:56  Hydralisk  
  185  9:57  Hydralisk  
  182  10:01  Zergling x4  
  182  10:05  Zergling x6  
  182  10:06  Zergling x2  
  187  10:12  Zergling x8  
  177  10:20  Zergling x16  
  156  10:25  Hydralisk x2  
  156  10:27  Zergling x4  
  159  10:29  Lurker Den, Adrenal Glands  
  159  10:31  Viper x2  
  159  10:34  Baneling x7  
  159  10:35  Zergling x12, Baneling x8  
  165  10:39  Drone  
  165  10:42  Drone x2  
  173  10:48  Drone x2  
  175  10:50  Baneling x4  
  175  10:51  Zerg Missile Weapons Level 1  
  175  10:52  Drone  
  175  10:56  Overlord  
  176  10:57  Zergling x4  
  176  10:58  Zergling x8  
  176  11:00  Drone  
  176  11:01  Zergling x2  
  176  11:02  Zergling x6  
  187  11:05  Zergling x8, Extractor  
  187  11:06  Spore Crawler  
  187  11:12  Zergling x6  
  187  11:18  Baneling x16  
  188  11:20  Zergling x12  
  188  11:24  Hatchery  
  188  11:25  Zergling x8  
  194  11:30  Zergling x12  
  200  11:53  Extractor  
  197  11:54  Seismic Spines  
  197  11:56  Drone  
  197  11:57  Drone x2  
  197  12:00  Hatchery  
  199  12:14  Zergling x2  
  199  12:18  Hatchery  
  199  12:20  Zergling x2  
  199  12:21  Zergling x2  
  199  12:32  Overseer  
  199  12:35  Nydus Network  
  199  12:37  Drone x2  
  200  12:49  Baneling x2  
  200  12:55  Zergling x2  
  196  13:06  Zergling x2  
  196  13:07  Zergling x8  
  196  13:11  Zergling x10  
Show
View Real Time Build Order
Export as new Build Order

HeroMarine Terran 

Build Orders: Command Center First (CC), Hellion Banshee 

Get SALT Encoding   

  12  0:00  SCV  
  13  0:12  SCV  
  14  0:17  Supply Depot  
  14  0:24  SCV  
  15  0:39  SCV  
  16  0:51  SCV  
  17  1:00  Command Center  
  17  1:03  SCV  
  18  1:13  Barracks  
  18  1:17  SCV  
  19  1:22  Refinery  
  19  1:29  SCV  
  19  1:30  Refinery  
  20  1:41  SCV  
  21  1:53  SCV  
  22  1:59  Reaper  
  23  2:05  Orbital Command  
  23  2:12  Orbital Command  
  23  2:20  Factory  
  23  2:31  SCV  
  23  2:32  Barracks Reactor  
  24  2:37  SCV  
  24  2:43  SCV  
  26  2:50  SCV  
  27  2:55  SCV  
  27  2:57  Supply Depot  
  28  3:02  SCV  
  29  3:06  Starport  
  29  3:07  SCV  
  29  3:12  Hellion x2  
  34  3:15  SCV, Barracks Tech Lab  
  34  3:19  SCV  
  36  3:21  Command Center  
  36  3:27  Supply Depot, SCV  
  36  3:31  SCV  
  38  3:35  Hellion  
  38  3:37  Hellion  
  42  3:41  SCV  
  42  3:43  SCV  
  44  3:48  Banshee  
  44  3:50  Marine  
  44  3:52  Cloaking Field  
  44  3:55  SCV x2  
  49  4:00  Supply Depot  
  50  4:05  Hellion  
  50  4:06  Hellion  
  50  4:09  Barracks Tech Lab  
  54  4:21  SCV x2  
  54  4:22  Supply Depot  
  56  4:30  Stimpack  
  56  4:31  Banshee  
  56  4:33  SCV x2, Orbital Command  
  56  4:36  Barracks  
  56  4:38  Barracks  
  61  4:45  SCV x2, Factory Reactor  
  61  4:50  Engineering Bay x2  
  63  4:57  Refinery x2, Marine, SCV x2  
  66  5:00  SCV  
  67  5:09  Supply Depot  
  67  5:10  SCV x2  
  67  5:12  Orbital Command  
  69  5:17  Terran Infantry Armor Level 1, Terran Infantry Weapons Level 1  
  69  5:22  SCV x2  
  69  5:27  Barracks  
  69  5:28  Starport Reactor  
  71  5:29  Barracks, Marine x2  
  71  5:30  Marine  
  71  5:31  Siege Tank  
  71  5:32  Marine x2  
  71  5:34  SCV x2  
  81  5:38  SCV  
  82  5:43  Supply Depot  
  82  5:45  Supply Depot  
  82  5:46  SCV x2  
  82  5:47  Marine  
  82  5:48  Supply Depot  
  85  5:50  SCV, Marine x2  
  88  5:58  SCV x2, Marine  
  88  5:59  Marine  
  88  6:03  SCV  
  93  6:05  Marine  
  93  6:08  Marine  
  93  6:10  SCV x2  
  93  6:11  Medivac x2, Siege Tank  
  97  6:15  SCV  
  97  6:16  Barracks Reactor x2, Marine  
  101  6:19  Marine  
  101  6:20  Supply Depot, Marine  
  101  6:22  SCV x2  
  101  6:24  Marine  
  101  6:25  Bunker  
  106  6:26  Marine  
  106  6:27  SCV  
  106  6:28  Armory  
  108  6:33  Marine  
  108  6:34  SCV x2  
  108  6:37  Refinery, Marine x2  
  108  6:39  SCV  
  114  6:40  Refinery  
  114  6:42  Marine  
  114  6:44  Marine  
  114  6:46  Combat Shield  
  116  6:48  Medivac x2  
  116  6:51  Marine  
  121  6:55  Supply Depot, Marine  
  121  6:57  SCV  
  121  6:58  Supply Depot, SCV x2  
  121  7:01  Supply Depot  
  125  7:17  SCV, Marine x7  
  125  7:19  Terran Infantry Weapons Level 2, Marine x2  
  125  7:20  Siege Tank  
  135  7:28  Terran Infantry Armor Level 2  
  135  7:35  Marine x7  
  142  7:37  Marine x2  
  142  7:42  Medivac x2  
  148  7:46  Command Center  
  148  7:49  Factory  
  147  7:52  Marine x3  
  147  7:53  Marine  
  147  7:54  Marine x2  
  147  7:55  Marine x2  
  147  7:57  Marine  
  140  8:04  Siege Tank  
  139  8:05  Supply Depot  
  139  8:10  Sensor Tower, Marine x3  
  139  8:11  Marine  
  139  8:12  Marine x2  
  145  8:13  Medivac, Marine x2  
  145  8:18  Medivac, Marine  
  145  8:19  Supply Depot  
  152  8:25  Terran Vehicle Weapons Level 1  
  152  8:28  Marine x3  
  152  8:29  Marine x2  
  152  8:30  Marine  
  152  8:31  Marine x2  
  160  8:36  Marine  
  161  8:42  Factory Tech Lab  
  161  8:43  Medivac  
  161  8:46  Marine x3  
  161  8:47  Marine x3  
  161  8:48  Medivac  
  170  8:49  Marine x2  
  170  8:54  Marine  
  173  8:56  Siege Tank  
  173  9:02  Siege Tank  
  168  9:03  SCV x3  
  168  9:04  Marine x4  
  168  9:05  Marine x2  
  168  9:06  Marine  
  168  9:08  Marine  
  179  9:16  SCV x2  
  180  9:20  Marine  
  180  9:21  Marine x2  
  180  9:23  Marine x2  
  184  9:27  Medivac, Marine x2  
  184  9:30  Marine  
  188  9:32  Marine  
  188  9:35  Terran Infantry Weapons Level 3  
  188  9:40  Barracks  
  188  9:41  Barracks, Marine  
  188  9:42  Marine  
  188  9:43  Barracks  
  188  9:45  Marine  
  187  9:50  Siege Tank  
  187  9:51  Medivac  
  187  9:52  Marine  
  188  9:57  Siege Tank, Marine  
  188  9:59  Marine x3  
  188  10:00  Planetary Fortress  
  188  10:11  Marine  
  188  10:12  Marine x4  
  176  10:18  Marine x2  
  176  10:20  Marine x2  
  144  10:22  Siege Tank  
  144  10:23  Medivac  
  144  10:24  Medivac  
  144  10:26  SCV x3  
  150  10:29  Terran Infantry Armor Level 3, Siege Tank, Marine x2  
  150  10:35  Refinery x2  
  155  10:37  Marine x3  
  155  10:38  SCV x3, Barracks Tech Lab x3  
  155  10:39  Marine  
  155  10:40  Marine x2  
  164  10:49  Marauder  
  166  10:53  Ghost Academy  
  166  10:55  Command Center, Marine x2  
  166  10:56  Sensor Tower  
  168  11:00  Marauder x3  
  168  11:01  Concussive Shells  
  172  11:06  Marine x4  
  172  11:07  Siege Tank x2  
  172  11:11  Marauder  
  184  11:15  Terran Vehicle Weapons Level 2  
  181  11:22  Marauder  
  181  11:23  Marine  
  181  11:24  Marauder, Marine x2  
  188  11:43  Command Center  
  188  11:45  Command Center  
  187  11:47  Ghost x2  
  187  11:48  Marauder x2  
  187  11:49  Missile Turret  
  195  12:05  Missile Turret  
  195  12:06  Personal Cloaking  
  193  12:08  Ghost x2  
  193  12:16  Ghost x2  
  195  12:26  Missile Turret  
  195  12:32  Command Center  
  195  12:37  Ghost x2  
  195  12:38  Missile Turret  
  198  12:44  Ghost  
  198  12:48  Missile Turret  
  198  12:50  Refinery  
  200  12:54  Refinery  
  200  12:56  Missile Turret  
  200  12:57  Sensor Tower, Orbital Command x2  
Tags
 
Add a new tag
Caveats
  • Supply blocks, unpowered buildings, or Contaminate may cause inaccurate times.
  • Supply counts are checked every 10 seconds.